 Dungeon Crawl Stone Soup version 0.28-b1-25-g9875b3fc8c (webtiles) character file.

Game seed: 12788176305350475393

63 crazypyro the Skirmisher (level 3, -8/29 HPs)
             Began as a Demonspawn Fighter on Jan 31, 2022.
             Mangled by a gnoll (11 damage)
             ... on level 2 of the Dungeon.
             The game lasted 00:04:03 (2151 turns).

crazypyro the Skirmisher (Demonspawn Fighter)       Turns: 2151, Time: 00:04:03

Health: -8/29      AC:  7    Str: 24    XL:     3   Next: 89%
Magic:  3/3        EV:  9    Int: 11    God:
Gold:   67         SH:  0    Dex: 12    Spells: 2/2 levels left

rFire   . . .      SeeInvis .   a - +0 war axe
rCold   . . .      Faith    .   (no shield)
rNeg    . . .      Spirit   .   l - +1 scale mail "Katzeq" {Str+6}
rPois   .          Reflect  .   (no helmet)
rElec   .          Harm     .   (no cloak)
rCorr   .          Rampage  .   (no gloves)
Will    .....                   (no boots)
Stlth   ..........              (no amulet)
HPRegen 0.09/turn               (no ring)
MPRegen 0.08/turn               (no ring)

@: no status effects
A: big brain 1, demonic touch 1
a: no special abilities


You were on level 2 of the Dungeon.
You visited 1 branch of the dungeon, and saw 2 of its levels.

You collected 67 gold pieces.

Inventory:

Hand Weapons
 a - a +0 war axe (weapon)
Armour
 b - a +1 scale mail
 c - a +0 buckler
 l - the +1 scale mail "Katzeq" (worn) {Str+6}
   (You found it on level 2 of the Dungeon)

   Str:       It affects your strength (+6).
Jewellery
 g - a ring of see invisible
Scrolls
 e - a scroll of enchant weapon {unknown}
 h - a scroll of teleportation
 j - a scroll of enchant armour
Potions
 d - 2 potions of might
 f - a potion of curing
 i - a potion of cancellation {unknown}
 k - a potion of attraction {unknown}
 n - 2 potions of lignification {unknown}


   Skills:
 + Level 3.6 Fighting
 + Level 2.5 Axes
 + Level 3.2 Armour
 - Level 2.8 Shields
 + Level 0.5 Unarmed Combat


You had 2 spell levels left.
You didn't know any spells.
Your spell library contained the following spells:

 Spells                   Type           Power      Damage    Failure   Level
 Conjure Flame            Conj/Fire      0%         6-21      95%         3
 Ignite Poison            Fire/Tmut/Pois 0%         N/A       95%         3
 Sticky Flame             Conj/Fire      0%         2d3       100%        4


Dungeon Overview and Level Annotations

Branches:
Dungeon (2/15)

Altars:


Innate Abilities, Weirdness & Mutations

You have an unusually large brain. (Int +2)
Your touch may inflict minor irresistible damage on your foes.


Message History

You slash the endoplasm!
You kill the endoplasm!
No target in view!
No target in view!
A rat comes into view.
A rat is nearby!
You hit the rat but do no damage. Your touch misses the rat.
The rat bites you but does no damage. The rat closely misses you.
You closely miss the rat. The rat bites you.
You hit the rat.
You kill the rat!
No target in view!
d - 2 potions of might (gained 1)
A gnoll comes into view. It is wielding a +0 whip.
Found a hand axe.
The gnoll shouts!
You hear a shout! x2
A gnoll is nearby! 3 gnolls come into view.
Found a hand axe.
The gnoll shouts! x2
A gnoll comes into view. It is wielding a +0 halberd.
Found a hand axe.
The gnoll shouts!
You barely miss the gnoll. You hit the gnoll.
The gnoll hits you but does no damage. The gnoll hits you with a +0 whip.
The gnoll closely misses you. The gnoll hits you but does no damage.
The gnoll hits you with a +0 halberd.
The gnoll hits you from afar with a +0 halberd.
You hit the gnoll but do no damage. You slash the gnoll!
The gnoll is severely wounded.
The gnoll hits you from afar with a +0 halberd.
The gnoll hits you with a +0 flail!
* * * LOW HITPOINT WARNING * * *
You slash the gnoll!
You kill the gnoll!
The gnoll hits you from afar with a +0 halberd.
* * * LOW HITPOINT WARNING * * *
The gnoll hits you from afar with a +0 halberd!
You die...

#...............
#....#########..
#..........# #..
##########.# #..
#.# #.. #.# #..
#.# #..
############.#####
#@)..##.......#
#.##..........#
♣g♣####.......#
♣g♣ #.......#
♣.gg♣ #.......#
♣...♣ #.......#
..... ##......#
♣)..♣.♣ #........
..♣.... ##########


You could see 4 gnolls.

Vanquished Creatures
  An adder (D:2)
  A gnoll (D:2)
  3 worms
  A dart slug (D:2)
  2 ball pythons
  6 endoplasms
  A giant cockroach (D:1)
  6 goblins
  4 hobgoblins
  4 jackals (D:1)
  2 kobolds (D:1)
  3 quokkas (D:1)
  2 bats (D:1)
  4 rats
40 creatures vanquished.

Notes
Turn   | Place    | Note
-------+----------+-------------------------------------------
     0 | D:1      | crazypyro the Demonspawn Fighter began the quest for the
                  | Orb.
     0 | D:1      | Reached XP level 1. HP: 18/18 MP: 1/1
    75 | D:1      | Gained mutation: Your touch may inflict minor irresistible
                  | damage on your foes. [demonic ancestry]
    75 | D:1      | Reached XP level 2. HP: 16/24 MP: 2/2
   754 | D:1      | Gained mutation: You have an unusually large brain. (Int
                  | +2) [demonic ancestry]
   754 | D:1      | Reached XP level 3. HP: 23/29 MP: 3/3
  1141 | D:1      | Found a faded altar of an unknown god.
  2054 | D:2      | Identified the +1 scale mail "Katzeq" {Str+6}
  2151 | D:2      | Mangled by a gnoll

Illustrated notes

Levels and vault maps discovered:
D:1:      dpeg_arrival_brainrot, layout_basic,
          shapermc_ecumenical_altar_hornbeckon
D:2:      layout_basic, pf_guarded_unrand_woodcutter

Skill      XL: |  1  2 |
---------------+-------+-----
Axes           | 2 |  2.5
Armour         | 3 |  3.2
Fighting       | |  3.6
Shields        | |  2.8
Unarmed Combat | |  0.5

Action                   || total
-------------------------++-------
Melee: War axe           ||    87
       Touch             ||     9
  Use: Scroll            ||     4
Armor: Scale mail        ||    41
Dodge: Dodged            ||    35
Block: Buckler           ||     1
